 Dungeon Crawl Stone Soup version 0.18.1-5-g4a78601 (webtiles) character file.

312 Mefis the Magician (level 6, -3/32 HPs)
             Began as a Deep Elf Wizard on May 14, 2016.
             Killed from afar by an orc wizard (9 damage)
             ... with a puff of flame
             ... on level 4 of the Dungeon.
             The game lasted 00:08:32 (3734 turns).

Mefis the Magician (Deep Elf Wizard)                Turns: 3734, Time: 00:08:33

Health: -3/32      AC:  2    Str:  4    XL:     6   Next: 18%
Magic:  1/15       EV: 13    Int: 25    God:
Gold:   161        SH:  0    Dex: 13    Spells: 6 memorised, 2 levels left

rFire  . . .     SeeInvis .     x - -2 short sword (curse)
rCold  . . .     Gourm    .     m - +0 robe
rNeg   . . .     Faith    .     (no shield)
rPois  .         Spirit   .     q - +0 hat
rElec  .         Dismiss  .     (no cloak)
rCorr  .         Reflect  .     (no gloves)
SustAt .         Harm     .     (no boots)
MR     .....                    (no amulet)
Stlth  ++........               (no ring)
                                (no ring)

@: not resistant to hostile enchantments, unstealthy
A: no striking features
a: no special abilities


You were on level 4 of the Dungeon.
You were hungry.

You visited 1 branch of the dungeon, and saw 4 of its levels.

You collected 161 gold pieces.

Inventory:

Hand Weapons
 a - a +0 hunting sling
 b - a +0 short sword
 x - a cursed -2 short sword (weapon)
Missiles
 h - 24 sling bullets
 l - 78 arrows
 p - 8 exploding tomahawks (quivered)
Armour
 m - a +0 robe (worn)
 q - a +0 hat (worn)
Scrolls
 f - 2 scrolls of fog
 g - a scroll of magic mapping
 i - a scroll of blinking
 n - a scroll of enchant armour
 r - a scroll of amnesia {unknown}
 w - a scroll of noise {unknown}
Potions
 j - a potion of resistance {unknown}
 k - a potion of brilliance {unknown}
 o - 2 potions of curing {unknown}
 s - a potion of agility {unknown}
 t - a potion of lignification {unknown}
 u - a potion of cancellation {unknown}
Books
 c - a book of Minor Magic

   Spells                             Type                      Level
   a - Magic Dart                     Conjuration                  1
   b - Blink                          Translocation                2
   c - Call Imp                       Summoning                    2
   d - Repel Missiles                 Charms/Air                   2
   e - Slow                           Hexes                        2
   f - Conjure Flame                  Conjuration/Fire             3
   g - Mephitic Cloud                 Conjuration/Poison/Air       3
Comestibles
 d - 2 bread rations


   Skills:
 + Level 3.6 Dodging
 + Level 3.8 Stealth
 + Level 5.1 Spellcasting
 * Level 4.1 Conjurations
 + Level 2.3 Summonings
 - Level 1.1 Translocations
 + Level 1.3 Fire Magic
 + Level 1.9 Poison Magic


You had 2 spell levels left.
You knew the following spells:

 Your Spells              Type           Power        Failure   Level  Hunger
a - Magic Dart            Conj           ####         1%          1    None
b - Call Imp              Summ           ###.....     6%          2    None
c - Blink                 Tloc           N/A          10%         2    None
d - Repel Missiles        Chrm/Air       #.....       14%         2    None
e - Mephitic Cloud        Conj/Pois/Air  ###.....     12%         3    ##.....
f - Conjure Flame         Conj/Fire      ###.....     10%         3    ##.....


Dungeon Overview and Level Annotations

Branches:
Dungeon (4/15)             Temple (0/1) D:4

Altars:
Fedhas
Pakellas
Trog
Yredelemnul
Zin


Message History

Press: ? - help, Shift-Dir - straight line, f/p - orc wizard
Aim: an orc wizard, wielding a dagger and wearing a robe (fast)
The ball explodes into a vile cloud!
The stinking cloud engulfs the orc wizard.
The orc wizard is engulfed in noxious fumes.
The orc wizard closely misses you.
The orc wizard gestures at you while chanting.
The puff of flame hits you! The orc wizard casts a spell at you.
The puff of frost hits you! The orc wizard barely misses you.
The orc wizard gestures at you while chanting.
The puff of frost hits you!
* * * LOW HITPOINT WARNING * * *
Casting: Mephitic Cloud
Confirm with . or Enter, or press ? or * to list all spells.
A beastly little devil appears in a puff of flame.
The orc wizard points at you and mumbles some strange words.
The puff of flame hits you!
You die...

### #.# #####.#
#.....# #.###.#
####.###.#######
#......#.....o.#
#)#.§#.#######@#
#.#§§....#...#.#
#.#)##.###.#.#5#
###o#.##.#<..#.#.#
..÷.#.##.#####.#.#
#####.##.# #.#.#
#.##.# #.#.#
#.##.# #...#
#####....# #####


You could see an orc wizard and a friendly crimson imp.

Vanquished Creatures
  An orc warrior (D:3)
  2 orc wizards (D:4)
  Jessica (D:2)
  2 adders
  2 oozes (D:2)
  A giant gecko (D:2)
  13 orcs
  3 giant cockroaches
  2 goblins
  7 hobgoblins
  7 jackals
  2 quokkas
  A ball python (D:2)
  7 bats
  8 giant newts
  2 gnoll zombies (D:2)
  7 kobolds
  5 rats
73 creatures vanquished.

Vanquished Creatures (collateral kills)
  The ghost of hawthorn the Shield-Bearer, a weakling FoFi (D:3)
  An orc (D:4)
2 creatures vanquished.

Vanquished Creatures (others)
  A wasp (D:3)
1 creature vanquished.

Grand Total: 76 creatures vanquished

Notes
Turn   | Place    | Note
--------------------------------------------------------------
     0 | D:1      | Mefis the Deep Elf Wizard began the quest for the Orb.
     0 | D:1      | Reached XP level 1. HP: 10/10 MP: 7/7
   223 | D:1      | Reached XP level 2. HP: 11/15 MP: 7/9
   296 | D:1      | Learned a level 2 spell: Call Imp
   299 | D:1      | Learned a level 2 spell: Blink
   302 | D:1      | Learned a level 2 spell: Repel Missiles
  1042 | D:2      | Reached XP level 3. HP: 15/19 MP: 0/10
  1100 | D:2      | Learned a level 3 spell: Mephitic Cloud
  1134 | D:2      | Found a blossoming altar of Fedhas.
  1730 | D:2      | Noticed Jessica
  1736 | D:2      | Killed Jessica
  1736 | D:2      | Reached XP level 4. HP: 11/24 MP: 2/12
  2059 | D:2      | Found a basalt altar of Yredelemnul.
  2344 | D:2      | Found a glowing silver altar of Zin.
  2593 | D:3      | Noticed hawthorn's ghost (weakling FoFi)
  2602 | D:3      | Killed hawthorn's ghost
  2602 | D:3      | Reached skill level 1 in Poison Magic
  2783 | D:3      | Reached XP level 5. HP: 28/28 MP: 12/14
  2788 | D:3      | Learned a level 3 spell: Conjure Flame
  2826 | D:3      | Found a bloodstained altar of Trog.
  2847 | D:3      | Found an oddly glowing altar of Pakellas.
  2847 | D:3      | Noticed an orange crystal statue
  2848 | D:3      | Noticed a wasp
  2862 | D:3      | Killed a wasp
  2976 | D:3      | Noticed an orc warrior
  3084 | D:3      | Killed an orc warrior
  3084 | D:3      | Reached skill level 5 in Spellcasting
  3434 | D:4      | Reached XP level 6. HP: 25/32 MP: 3/15
  3629 | D:4      | Reached skill level 1 in Fire Magic
  3734 | D:4      | Killed from afar by an orc wizard

Skill      XL: |  1  2  3  4  5  6 |
---------------+-------------------+-----
Conjurations   | 2 3 4 |  4.1
Dodging        | 3 |  3.6
Stealth        | 3 |  3.8
Poison Magic   | 1 |  1.9
Spellcasting   | 5 |  5.1
Summonings     | 2 |  2.3
Fire Magic     | 1 |  1.3
Translocations | |  1.1

Action                   |  1- 3 |  4- 6 || total
-------------------------+-------+-------++-------
Melee: Unarmed           |    13 |       ||    13
       Short sword       |     7 |     8 ||    15
 Fire: Hunting sling     |       |     4 ||     4
 Cast: Magic Dart        |    76 |   107 ||   183
       Repel Missiles    |     1 |       ||     1
       Call Imp          |       |     6 ||     6
       Mephitic Cloud    |       |     6 ||     6
       Conjure Flame     |       |     4 ||     4
  Use: Scroll            |       |     4 ||     4
  Eat: Chunk             |     2 |     6 ||     8
Armor: Robe              |     6 |     3 ||     9
Dodge: Dodged            |    38 |    24 ||    62
       Deflected         |     4 |       ||     4
